 Dungeon Crawl Stone Soup version 0.30-a0-364-gf6b3ef1049 (webtiles) character file.

Game seed: 5916480590529717205

1612 oldriver the Thaumaturge (level 8, -8/61 HPs)
             Began as a Mummy Necromancer on Nov 14, 2022.
             Mangled by a yak (12 damage)
             ... on level 6 of the Dungeon.
             The game lasted 00:08:29 (6030 turns).

oldriver the Thaumaturge (Mummy Necromancer)        Turns: 6030, Time: 00:08:30

Health: -8/61      AC: 10    Str: 11    XL:     8   Next: 63%
Magic:  1/20       EV: 10    Int: 17    God:
Gold:   184        SH:  0    Dex: 18    Spells: 12/24 levels left

rFire   . . .      SeeInvis .    d - +0 sling
rCold   + . .      Faith    +    (no shield)
rNeg    + + +      Spirit   .    g - +1 ring mail {rF+}
rPois   ∞          Reflect  .    (no helmet)
rElec   .          Harm     .    c - +0 cloak
rCorr   .          Rampage  .    l - +2 pair of gloves
Will    +....                    (no boots)
Stlth   +.........               (no amulet)
HPRegen 0.30/turn                b - ring of flight
MPRegen 0.17/turn                i - +6 ring of dexterity

@: flying
A: cold resistance 1, negative energy resistance 3, torment resistance 2, heat
vulnerability 1, in touch with death 1, no potions, faith
a: no special abilities


You were on level 6 of the Dungeon.
You visited 2 branches of the dungeon, and saw 8 of its levels.

You collected 316 gold pieces.
You spent 132 gold pieces at shops.

Inventory:

Hand Weapons
 d - a +0 sling (weapon)
Armour
 c - a +0 cloak (worn)
 g - a +1 ring mail of fire resistance (worn)
 h - a +2 robe of the Archmagi
 l - a +2 pair of gloves (worn)
Jewellery
 b - a ring of flight (left hand)
 i - a +6 ring of dexterity (right hand)
Wands
 k - a wand of flame (12)
 m - a wand of iceblast (4)
Scrolls
 a - a scroll of blinking
 e - 3 scrolls of magic mapping
 f - 2 scrolls of identify
 j - a scroll of fear


   Skills:
 + Level 4.7 Fighting
 - Level 3.0 Ranged Weapons
 - Level 1.5 Dodging
 - Level 1.5 Stealth
 * Level 8.9 Spellcasting
 + Level 6.7 Necromancy


You had 12 spell levels left.
You knew the following spells:

 Your Spells              Type           Power      Damage    Failure   Level
a - Necrotise             Necr           100%       1d9       1%          1
b - Vampiric Draining     Necr           45%        2d9       4%          3
c - Animate Dead          Necr           45%        N/A       14%         4
d - Dispel Undead         Necr           45%        3d17      14%         4

Your spell library contained the following spells:

 Spells                   Type           Power      Damage    Failure   Level
 Cigotuvi's Dreadful Rot  Necr/Pois/Air  44%        N/A       14%         2
 Freeze                   Ice            28%        1d5       24%         1
 Agony                    Necr           45%        N/A       36%         5
 Frozen Ramparts          Ice            14%        1d3       56%         3
 Gell's Gravitas          Tloc           7%         N/A       56%         3
 Hailstorm                Conj/Ice       7%         3d4       56%         3
 Lesser Beckoning         Tloc           14%        N/A       56%         3
 Teleport Other           Tloc           7%         N/A       56%         3
 Death Channel            Necr           22%        N/A       91%         6


Dungeon Overview and Level Annotations

Branches:
Dungeon (7/15)             Temple (1/1) D:5

Altars:
Ashenzari
Cheibriados
Dithmenos
Fedhas
Hepliaklqana
Kikubaaqudgha
Makhleb
Nemelex Xobeh
Okawaru
Qazlal
Ru
Sif Muna
Trog
Uskayaw
Vehumet
Wu Jian
Xom
Yredelemnul

Shops:
D:3 *

Annotations:
D:7 Joseph


Innate Abilities, Weirdness & Mutations

You are immune to poison.
Your flesh is cold resistant. (rC+)
You are immune to negative energy. (rN+++)
You are immune to unholy pain and torment.
You are vulnerable to heat. (rF-)
You are in touch with the powers of death.
You do not drink.
You have a special connection with the divine. (Faith)


Message History

You feel a surge of power!
You draw life force from the yak!
You feel life coursing into your body. The yak closely misses you.
Unknown command.
Casting: Vampiric Draining (dangerous; 4% risk of failure)
Confirm with . or Enter, or press ? or * to list all spells.
Aiming: Vampiric Draining (dangerous; 4% risk of failure)
Press: ? - help, Shift-Dir - straight line, f/p - yak
Aim: a yak (moderately wounded)
You feel a surge of power!
You draw life force from the yak!
You feel life coursing into your body. The yak gores you but does no damage.
Unknown command.
Casting: Vampiric Draining (dangerous; 4% risk of failure)
Confirm with . or Enter, or press ? or * to list all spells.
You don't have enough magic to cast this spell.
You shoot a sling bullet. The sling bullet hits the yak.
The yak is heavily wounded.
The yak barely misses you. The yak gores you but does no damage.
Casting: Vampiric Draining (dangerous; 4% risk of failure)
Confirm with . or Enter, or press ? or * to list all spells.
Aiming: Necrotise (safe; 1% risk of failure)
Press: ? - help, Shift-Dir - straight line, f/p - yak
Aim: a yak (heavily wounded, chance to affect: 83%)
You feel a surge of power!
The yak writhes in agony.
Joseph, a Mercenary comes into view.
He is wielding a +0 quarterstaff and carrying a wand of light (13).
The yak gores you!
Casting: Necrotise (safe; 1% risk of failure)
Confirm with . or Enter, or press ? or * to list all spells.
Okay, then.
Joseph shouts, "I love to fight!
I love killing!"
Joseph unwields a +0 quarterstaff.
Joseph wields a +0 sling of freezing.
It is covered in frost.
Joseph shoots a sling bullet.
The sling bullet hits you!
* * * LOW HITPOINT WARNING * * *
The sling bullet freezes you.
* * * LOW HITPOINT WARNING * * *
The yak gores you but does no damage.
You fly upwards.
The yak gores you but does no damage. The yak gores you!
* * * LOW HITPOINT WARNING * * *
The yak gores you!
You die...

### . ..# .#
#.##.# #Y#..#
#@Y.# #YY.#
########l#.####
....$..<.......
....#...##.####
. ??!.###
.....# ..!..
.l..


You could see 4 yaks and an iguana.

Vanquished Creatures
  Pikel (D:5)
  Sigmund (D:2)
  A yak (D:7)
  A water moccasin (D:5)
  Duvessa (D:5)
  2 ogres
  A lemure (D:5)
  A bullfrog (D:5)
  Dowan (D:5)
  A jelly (D:4)
  An orc priest (D:4)
  3 iguanas
  Terence (D:2)
  Ijyb (D:5)
  3 gnolls (D:5)
  6 adders
  3 worms
  4 dart slugs
  10 orcs
  5 endoplasms
  A giant cockroach (D:1)
  2 goblins
  7 hobgoblins
  8 jackals
  6 kobolds
  2 quokkas
  6 ball pythons
  5 bats
  2 frilled lizards
  5 rats
92 creatures vanquished.

Vanquished Creatures (collateral kills)
  A gnoll (D:5)
  A butterfly (D:5)
2 creatures vanquished.

Grand Total: 94 creatures vanquished

Notes
Turn   | Place    | Note
-------+----------+-------------------------------------------
     0 | D:1      | oldriver the Mummy Necromancer began the quest for the Orb.
     0 | D:1      | Reached XP level 1. HP: 13/13 MP: 4/4
   161 | D:1      | Reached skill level 3 in Spellcasting
   310 | D:1      | Reached XP level 2. HP: 10/20 MP: 0/6
  1050 | D:2      | Reached skill level 1 in Fighting
  1509 | D:2      | Gained mutation: You are in touch with the powers of death.
                  | [Mummy growth]
  1509 | D:2      | Reached XP level 3. HP: 20/26 MP: 0/8
  1611 | D:2      | Noticed Terence
  1615 | D:2      | Killed Terence
  1616 | D:2      | Reached skill level 4 in Spellcasting
  1732 | D:2      | Noticed Sigmund
  1751 | D:3      | Reached XP level 4. HP: 32/32 MP: 7/10
  1892 | D:3      | Noticed a +0 dagger
  1892 | D:3      | Noticed a +0 spear
  1893 | D:3      | Noticed a +0 short sword
  1893 | D:3      | Noticed a +0 falchion
  1894 | D:3      | Noticed a +0 falchion
  1894 | D:3      | Noticed a +0 spear
  1895 | D:3      | Noticed a +0 dagger
  1896 | D:3      | Noticed a +0 short sword
  2187 | D:3      | Found Qolitha's Assorted Antiques.
  2193 | D:3      | Bought a scroll labelled IWIERY MIAM for 24 gold pieces
  2468 | D:3      | Found a hide-covered altar of Uskayaw.
  2737 | D:4      | Reached XP level 5. HP: 38/38 MP: 12/12
  2818 | D:4      | Reached skill level 5 in Spellcasting
  3013 | D:4      | Noticed an ogre
  3087 | D:2      | Learned a level 3 spell: Vampiric Draining
  3092 | D:2      | Learned a level 4 spell: Animate Dead
  3097 | D:2      | Learned a level 4 spell: Dispel Undead
  3206 | D:2      | Killed Sigmund
  3207 | D:2      | Reached skill level 1 in Ranged Weapons
  3207 | D:2      | Reached skill level 5 in Necromancy
  3207 | D:2      | Reached XP level 6. HP: 46/46 MP: 1/14
  3706 | D:4      | Reached skill level 6 in Spellcasting
  4130 | D:3      | Bought a pair of gloves for 108 gold pieces
  4180 | D:4      | Reached XP level 7. HP: 52/52 MP: 7/16
  4240 | D:5      | Entered Level 5 of the Dungeon
  4346 | D:5      | Found a staircase to the Ecumenical Temple.
  4482 | D:5      | Noticed Ijyb
  4488 | D:5      | Killed Ijyb
  4606 | D:5      | Reached skill level 7 in Spellcasting
  4656 | D:5      | Noticed Duvessa
  4656 | D:5      | Noticed Dowan
  4675 | D:5      | Killed Duvessa
  4686 | D:5      | Killed Dowan
  4798 | D:5      | Noticed Pikel
  4951 | D:5      | Found a hazy altar of Hepliaklqana.
  4954 | D:5      | Found a basalt altar of Yredelemnul.
  5071 | D:5      | Found a sacrificial altar of Ru.
  5548 | Temple   | Entered the Ecumenical Temple
  5795 | D:5      | Reached XP level 8. HP: 60/60 MP: 15/19
  5826 | D:5      | Killed Pikel
  5827 | D:5      | Reached skill level 8 in Spellcasting
  5987 | D:6      | You are sucked into a shaft and drop 1 floor!
  6028 | D:7      | Noticed Joseph
  6030 | D:6      | Mangled by a yak

Illustrated notes

Levels and vault maps discovered:
D:1:      heliophobic_arrival_glass_houses, layout_loops_cross
D:2:      layout_loops_ring, basic_altar, minmay_misc_feat_doors, minivault_27,
          uniq_terence, uniq_sigmund
D:3:      layout_basic, nicolae_uskayaw_en_pointe, serial_shops, shop
D:4:      layout_basic
D:5:      layout_basic, hangedman_ru_absence, nicolae_overflow_hidden_temple,
          minmay_temple_entry_butterflies, uniq_ijyb, uniq_duvessa, uniq_pikel
D:6:      wad_crossroads, layout_rooms, serial_shops, nicolae_square_shop
D:7:      layout_gridville, uniq_joseph
Temple:   minmay_crystal_spiral_temple

Skill      XL: |  1  2  3  4  5  6  7  8 |
---------------+-------------------------+-----
Spellcasting   | 3 4 5 6 7 8 |  8.9
Fighting       | 1 2 3 4 |  4.7
Ranged Weapons | 1 2 3 |  3.0
Necromancy     | 5 6 |  6.7
Dodging        | |  1.5
Stealth        | |  1.5

Action                   |  1- 3 |  4- 6 |  7- 9 || total
-------------------------+-------+-------+-------++-------
Melee: Unarmed           |    23 |       |       ||    23
       Punch             |     2 |       |       ||     2
 Fire: Sling             |     7 |   101 |    90 ||   198
 Cast: Necrotise         |    75 |    72 |    29 ||   176
       Vampiric Draining |       |     5 |    16 ||    21
  Use: Scroll            |       |     5 |     4 ||     9
Armor: Robe              |     7 |     3 |       ||    10
       Ring mail         |       |    12 |    38 ||    50
Dodge: Dodged            |    42 |    33 |    48 ||   123

Table legend: (Time is in decaauts)
 A = Elapsed time spent in this place.
 B = Non-inter-level travel time spent in this place.
 C = Inter-level travel time spent in this place.
 D = Time resting spent in this place.
 E = Time spent auto-exploring this place.
 F = Levels seen in this place.
 G = Mean time per level.
                   A        B        C        D        E       F      G
               +--------+--------+--------+--------+--------+-----+--------+
         Total |   6115 |   5641 |    474 |    123 |   4543 |   8 |  764.4 |
       Dungeon |   5903 |   5514 |    389 |    123 |   4431 |   7 |  843.3 |
        Temple |    211 |    127 |     84 |      0 |    112 |   1 |  211.0 |
               +--------+--------+--------+--------+--------+-----+--------+

Top non-repeatable levels by time:
     D:5: 1517 daAuts
     D:2: 1353 daAuts
     D:4: 1119 daAuts
     D:1: 1026 daAuts
     D:3: 834 daAuts
  Temple: 211 daAuts
     D:7: 41 daAuts
     D:6: 11 daAuts
